 Dungeon Crawl Stone Soup version 0.21.1-1-g345015f (webtiles) character file.

2886 jamsan the Markscentaur (level 9, -1/74 HPs)
             Began as a Centaur Hunter on June 15, 2018.
             Was a Follower of Okawaru.
             Slain by a hornet (12 damage)
             ... on level 7 of the Dungeon.
             The game lasted 01:05:55 (10408 turns).

jamsan the Markscentaur (Centaur Hunter)           Turns: 10408, Time: 01:05:56

Health: -1/74      AC:  7    Str: 15    XL:     9   Next: 48%
Magic:  9/9        EV:  9    Int: 10    God:    Okawaru [*.....]
Gold:   240        SH:  0    Dex: 13    Spells: 8/8 levels left

rFire    . . .     SeeInvis .   a - +1 falchion (slice)
rCold    . . .     Gourm    .   (no shield)
rNeg     . . .     Faith    .   J - +2 leather armour {MR+}
rPois    .         Spirit   .   j - +0 helmet
rElec    .         Reflect  .   (no cloak)
rCorr    .         Harm     .   (no gloves)
MR       +....                  (no barding)
Stlth    +.........             (no amulet)
HPRegen  0.22/turn              q - ring of wizardry
MPRegen  0.11/turn              h - ring of wizardry

@: very slightly contaminated, slowed, invisible
A: large, hooves 3, deformed body, speed 2, tough skin 3
a: Heroism, Renounce Religion


You were on level 7 of the Dungeon.
You worshipped Okawaru.
Okawaru was aware of your devotion.
You were not hungry.

You visited 2 branches of the dungeon, and saw 10 of its levels.

You collected 408 gold pieces.
You spent 168 gold pieces at shops.

Inventory:

Hand Weapons
 a - a +1 falchion of slicing (weapon)
 b - a +1 shortbow
 I - a +0 short sword
Missiles
 K - 2 arrows
Armour
 c - a +1 leather armour
 f - a +0 scale mail
 j - a +0 helmet (worn)
 J - a +2 leather armour of magic resistance (worn)
Jewellery
 h - a ring of wizardry (right hand)
 q - a ring of wizardry (left hand)
Wands
 z - a wand of scattershot (1)
 A - a wand of acid (2)
 L - a wand of random effects (13)
Scrolls
 d - a scroll of brand weapon
 e - 2 scrolls of teleportation
 n - 2 scrolls of amnesia
 p - 2 scrolls of blinking
 s - a scroll of enchant armour
 v - a scroll of fog
 w - a scroll of random uselessness
 B - 2 scrolls of remove curse
 C - 2 scrolls of enchant weapon
 D - 2 scrolls of magic mapping
Potions
 k - a potion of mutation
 l - a potion of heal wounds
 o - 2 potions of brilliance
 t - a potion of haste
 u - a potion of resistance
 H - a potion of flight
Books
 E - a book of Flames

   Spells                             Type                      Level
   a - Flame Tongue                   Conjuration/Fire             1
   b - Throw Flame                    Conjuration/Fire             2
   c - Conjure Flame                  Conjuration/Fire             3
   d - Inner Flame                    Hexes/Fire                   3
   e - Sticky Flame                   Conjuration/Fire             4
   f - Fireball                       Conjuration/Fire             5
 F - a book of Maledictions

   Spells                             Type                      Level
   a - Corona                         Hexes                        1
   b - Ensorcelled Hibernation        Hexes/Ice                    2
   c - Confuse                        Hexes                        3
   d - Tukima's Dance                 Hexes                        3
   e - Dazzling Spray                 Conjuration/Hexes            3
Comestibles
 G - 2 rations


   Skills:
 - Level 5.0 Fighting
 - Level 1.2 Long Blades
 * Level 15.6 Bows
 - Level 1.3 Dodging
 - Level 0.4 Stealth


You had 8 spell levels left.
You didn't know any spells.

Dungeon Overview and Level Annotations

Branches:
Dungeon (9/15)             Temple (1/1) D:7
   Lair: D:8-11         Orc: D:9-12

Altars:
Ashenzari
Elyvilon
Hepliaklqana
Kikubaaqudgha
Okawaru
Qazlal
Wu Jian
Yredelemnul

Shops:
D:4 }

Annotations:
D:4 Blork the orc, Edmund
D:6 exclusion: downstairs, Pikel
D:7 exclusions: downstairs and 1 more exclusion, Jaiteiro's ghost, novice MiFi; Maurice


Innate Abilities, Weirdness & Mutations

You have hooves in place of feet.
Armour fits poorly on your strangely shaped body.
You cover ground very quickly.
You have extremely tough skin. (AC +3)


Message History

You are very lightly contaminated with residual magic.
The hornet stings you!
* * * LOW HITPOINT WARNING * * *
You feel as though you will be slow longer.
The shadow imp gestures at you.
You easily resist.
There is an open door here.
The hornet closely misses you.
You riposte.
You miss the hornet. You kick the hornet.
The hornet is lightly wounded.
You feel sick.
Jaiteiro's ghost turns its malevolent gaze towards you.
The hornet barely misses you. The hornet stings you.
* * * LOW HITPOINT WARNING * * *
You are lethally poisoned!
You feel as though you will be slow longer.
The shadow imp hits you but does no damage.
The hornet stings you but does no damage.
You feel better. The hornet stings you!
You die...

#######....................#
..W.......W.......########.#
######'###........# #.#
####.....#........# #.#
...'.....#........########.#
####.....#...............#.#
.# ####..#...............#.#
.# #..#.....5.........#.#
.######..#.###'#@........#.#
..............>y.........#.#
.≈§§..##..####.#.........#.#
≈≈§≈≈..........#.........#.#
§≈§§§§.##..##..###########.#
§≈>§§§.###.##..# #.#
§≈≈≈≈§.# #..#..# ########.#
≈≈§≈≈..# ##.#..# #........#
.≈≈§..## #.#..# #.########


You could see a hornet, Jaiteiro's ghost (wandering) and a shadow imp.

Vanquished Creatures
  A two-headed ogre (D:7)
  A hippogriff (D:8)
  Eustachio (D:6)
  A hell hound (D:8)
  3 slaves (D:6)
  3 ice beasts
  A sky beast (D:6)
  2 ogres (D:6)
  2 bullfrogs
  4 scorpions
  6 killer bees (D:5)
  A howler monkey (D:6)
  2 crimson imps (D:5)
  A quasit (D:9)
  A jelly (D:5)
  2 orc wizards
  2 bullfrog skeletons
  3 hounds
  An iguana (D:8)
  Ijyb (D:5)
  A worker ant (D:4)
  2 hound skeletons
  7 gnolls
  3 adders
  4 shadow imps
  2 oozes
  2 worms
  A dart slug (D:1)
  A leopard gecko (D:5)
  10 orcs
  A giant cockroach (D:1)
  6 hobgoblins
  15 jackals
  6 quokkas
  A ball python (D:2)
  9 bats
  4 frilled lizards
  2 goblins (D:1)
  A jackal zombie (D:5)
  9 kobolds
  6 rats
132 creatures vanquished.

Notes
Turn   | Place    | Note
-------+----------+-------------------------------------------
     0 | D:1      | jamsan the Centaur Hunter began the quest for the Orb.
     0 | D:1      | Reached XP level 1. HP: 17/17 MP: 1/1
   195 | D:1      | Reached XP level 2. HP: 24/24 MP: 2/2
   600 | D:2      | Reached skill level 6 in Bows
   671 | D:2      | Reached XP level 3. HP: 26/30 MP: 3/3
  1338 | D:3      | Reached XP level 4. HP: 34/37 MP: 4/4
  1349 | D:3      | Reached skill level 7 in Bows
  1587 | D:3      | Found a shattered altar of Ashenzari.
  1590 | D:3      | Found an ancient bone altar of Kikubaaqudgha.
  2110 | D:4      | Noticed Edmund
  2252 | D:4      | Reached XP level 5. HP: 45/45 MP: 5/5
  2643 | D:5      | Entered Level 5 of the Dungeon
  2682 | D:4      | Found Ruda's Gadget Emporium.
  2858 | D:4      | Bought a wand of iceblast (8) for 168 gold pieces
  3547 | D:5      | Found an ornate altar of the Wu Jian Council.
  3567 | D:5      | Noticed an ice beast
  3774 | D:5      | Reached skill level 8 in Bows
  3775 | D:5      | Reached XP level 6. HP: 52/52 MP: 6/6
  3777 | D:5      | Reached skill level 9 in Bows
  4332 | D:5      | Reached XP level 7. HP: 60/60 MP: 7/7
  4458 | D:5      | Reached skill level 10 in Bows
  4563 | D:5      | Noticed Blork the orc
  5171 | D:5      | Reached skill level 5 in Fighting
  5650 | D:5      | Noticed Ijyb
  5753 | D:5      | Killed Ijyb
  6387 | D:6      | Reached skill level 11 in Bows
  6448 | D:7      | Noticed Jaiteiro's ghost (novice MiFi)
  6463 | D:7      | Found a staircase to the Ecumenical Temple.
  6745 | D:6      | Reached XP level 8. HP: 68/68 MP: 8/8
  6944 | D:6      | Noticed Eustachio
  6957 | D:7      | Noticed Pikel
  7180 | D:6      | Reached skill level 12 in Bows
  7729 | D:6      | Killed Eustachio
  7729 | D:6      | Reached skill level 13 in Bows
  8617 | Temple   | Entered the Ecumenical Temple
  8692 | Temple   | Became a worshipper of Warmaster Okawaru
  8772 | D:8      | Noticed a hippogriff
  9108 | D:7      | Reached skill level 1 in Long Blades
  9492 | D:8      | Noticed Maurice
  9508 | D:8      | Noticed a two-headed ogre
  9764 | D:7      | Killed a two-headed ogre
  9764 | D:7      | Reached * piety under Okawaru
  9764 | D:7      | Reached skill level 14 in Bows
  9764 | D:7      | Reached XP level 9. HP: 55/74 MP: 9/9
  9882 | D:8      | Reached skill level 15 in Bows
 10408 | D:7      | Slain by a hornet

Skill      XL: |  1  2  3  4  5  6  7  8  9 |
---------------+----------------------------+-----
Bows           | 6 7 8 9 11 14 15 | 15.6
Fighting       | 3 4 5 |  5.0
Long Blades    | 1 |  1.2
Dodging        | |  1.3
Stealth        | |  0.4

Action                   |  1- 3 |  4- 6 |  7- 9 || total
-------------------------+-------+-------+-------++-------
Melee: Short sword       |       |    31 |   104 ||   135
       Kick              |       |     4 |    35 ||    39
       Falchion          |       |       |    28 ||    28
 Fire: Shortbow          |    89 |   112 |   143 ||   344
Evoke: Wand              |       |     4 |    37 ||    41
  Use: Scroll            |       |     4 |    16 ||    20
       Potion            |       |       |     4 ||     4
 Stab: Paralysed         |       |       |     3 ||     3
  Eat: Ration            |       |     3 |     2 ||     5
       Chunk             |       |       |     6 ||     6
Armor: Leather armour    |    17 |    21 |    63 ||   101
       Scale mail        |       |       |    36 ||    36
Dodge: Dodged            |    12 |    42 |   112 ||   166
       Rpst.: Falchion   |       |       |    10 ||    10
